 Dungeon Sprint DCSS version 0.17-b1-15-g0f5fb43 (webtiles) character file.

277546 Kidiri the Unseen (level 12, 78/78 HPs)
             Began as a Spriggan Enchanter on Nov 2, 2015.
             Was the Champion of Dithmenos.
             Escaped with the Orb!
             The game lasted 00:30:51 (4105 turns).

Kidiri the Unseen (Spriggan Enchanter)              Turns: 4105, Time: 00:30:51

Health: 78/78      AC:  4    Str:  4    XL:     12   Next: 72%
Magic:  27/31      EV: 35    Int: 20    God:    Dithmenos [******]
Gold:   1193       SH:  0    Dex: 21    Spells: 10 memorised, 4 levels left

rFire  + . .     SeeInvis +     a - +1 rapier
rCold  . . .     Clarity  .     b - +2 robe
rNeg   . . .     SustAt   .     (shield restricted)
rPois  .         Gourm    .     (helmet restricted)
rElec  +         Spirit   .     (no cloak)
rCorr  .         Warding  .     (gloves unavailable)
rMut   .         NoTele   +     (boots unavailable)
MR     ++...                    t - amulet of Vitality {Regen+ HP+15}
Stlth  ++++++....               s - ring of fire
                                n - ring "Dybliene" {rElec rC+ Dex+3}

@: darkness, very slightly contaminated, wreathed by umbra, very quick, very
resistant to hostile enchantments, very stealthy
A: unfitting armour, see invisible, herbivore 3, speed 3, slow metabolism 2
a: Shadow Step, Shadow Form, Renounce Religion
0: Orb of Zot


You escaped.
You worshipped Dithmenos.
Dithmenos was exalted by your worship.
You were not hungry.

You visited 1 branch You collected 3714 gold pieces.
You spent 2521 gold pieces at shops.

Inventory:

Hand Weapons
 a - a +1 rapier (weapon)
Armour
 b - a +2 robe (worn)
Jewellery
 l - a +3 ring of strength
 n - the ring "Dybliene" (left hand) {rElec rC+ Dex+3}
   (You found it in the Dungeon)

   [ring of dexterity]

   It affects your dexterity (+3).
   It protects you from cold.
   It insulates you from electricity.
 p - an uncursed ring of protection from cold
 s - a ring of fire (right hand)
 t - the amulet of Vitality (around neck) {Regen+ HP+15}
   (You bought it in a shop in the Dungeon)

   [amulet of regeneration]

   It affects your health (+15).
   It increases your rate of regeneration.
Wands
 k - a wand of confusion (24)
Scrolls
 d - 2 scrolls of remove curse
 f - a scroll of torment
 m - 4 scrolls of recharging
 q - a scroll of amnesia
 u - a scroll of fear
Potions
 c - a potion of lignification
 e - 4 potions of curing
 g - a potion of haste
 h - a potion of magic
 i - a potion of berserk rage
 o - a potion of poison
 r - a potion of agility
Comestibles
 w - 2 bread rations
 x - a slice of pizza


   Skills:
 + Level 7.6 Fighting
 * Level 13.7 Short Blades
 + Level 7.1 Armour
 * Level 17.3 Dodging
 * Level 18.8 Stealth
 * Level 14.9 Spellcasting
 + Level 6.7 Conjurations
 + Level 11.5 Hexes
 + Level 7.6 Translocations
 + Level 6.7 Transmutations
 + Level 7.6 Ice Magic
 + Level 4.8 Earth Magic
 - Level 5.1 Invocations


You had 4 spell levels left.
You knew the following spells:

 Your Spells              Type           Power        Failure   Level  Hunger
a - Corona                Hex            ######.      1%          1    None
b - Ensorcelled Hibernat  Hex/Ice        ####..       1%          2    None
c - Confuse               Hex            ######..     1%          3    None
d - Tukima's Dance        Hex            ######..     1%          3    None
e - Dazzling Spray        Conj/Hex       ######..     1%          3    None
f - Passwall              Trmt/Erth      #####.....   1%          3    None
g - Passage of Golubria   Tloc           N/A          1%          4    None
h - Lee's Rapid Deconstr  Erth           ####......   17%         5    ###....
i - Darkness              Hex            ######....   8%          6    #####..
j - Invisibility          Hex            ######..     8%          6    #####..


Dungeon Overview and Level Annotations

Branches:
Dungeon (1/1)

Altars:
Cheibriados
Dithmenos
Elyvilon
Fedhas
Gozag
Kikubaaqudgha
Makhleb
Nemelex Xobeh
Okawaru
Qazlal
Ru
Sif Muna
Trog
Vehumet
Xom
Yredelemnul
Zin
The Shining One
Jiyva

Shops:
D =*?(*[(?[=!*[:([}%

Annotations:
D Norris


Innate Abilities, Weirdness & Mutations

You are tiny and cannot use many weapons and most armour.
You have supernaturally acute eyesight.
You are a herbivore.
You cover ground extremely quickly.
You need consume almost no food.


Message History

You close the door.
There is an open door here.
Things that are here:
a book of Maledictions; a scythe; a robe You close the door.
Casting: Darkness
Confirm with . or Enter, or press ? or * to list all spells.
It gets dark.
There is an open door here.
Which direction?
You close the door.
You close the door.
There is an open door, spattered with blood here.
You close the door.
You see here a giant club.
A rust devil comes into view.
There is an open door here.
You close the door.
There is a staircase leading out of the dungeon here.
You have escaped!

##################
#@.#..+..#.:+..#__
#..+))#..+..#..+^.
#4.#####+#####+#__
#..####..#...#[###
#..#__####..##.#≈≈
#..#_..__##+#..+≈≈
#⌠⌠#_.∩...+..._#§≈
####_..._##_:#+##+
*,,#_____###+#)#(.


You could see a rust devil.

Vanquished Creatures
  A golden dragon (D)
  A shadow dragon (D)
  3 fire giants (D)
  A lorocyproca (D)
  A hydra (D)
  2 centaur warriors (D)
  Sonja (D)
  7 unseen horrors (D)
  A deep troll (D)
  A lindwurm (D)
  An oklob plant (D)
  2 kobold demonologists (D)
  A gargoyle (D)
  4 demonic crawlers (D)
  A slime creature (D)
  4 trapdoor spiders (D)
  Sigmund (D)
  A yak (D)
  13 hogs (D)
  7 necrophages (D)
  A wasp (D)
  An ogre (D)
  Ijyb (D)
  8 jellies (D)
  3 giant eyeballs (D)
  2 ballistomycetes (D)
  A giant spore (D)
71 creatures vanquished.

Vanquished Creatures (others)
  A fire giant (D)
  A gargoyle (D)
  A giant spore (D)
3 creatures vanquished.

Grand Total: 74 creatures vanquished

Notes
Turn   | Place    | Note
--------------------------------------------------------------
     0 | D        | Kidiri the Spriggan Enchanter began the quest for the Orb.
     0 | D        | Reached XP level 1. HP: 9/9 MP: 5/5
     6 | D        | Noticed Ijyb
    17 | D        | Killed Ijyb
    17 | D        | Reached skill level 1 in Fighting
    17 | D        | Reached skill level 1 in Armour
    17 | D        | Reached skill level 6 in Stealth
    17 | D        | Reached XP level 2. HP: 7/14 MP: 4/7
   187 | D        | Learned a level 2 spell: Ensorcelled Hibernation
   188 | D        | Noticed an ogre
   197 | D        | Killed an ogre
   197 | D        | Reached skill level 7 in Stealth
   197 | D        | Reached skill level 5 in Spellcasting
   197 | D        | Reached skill level 1 in Ice Magic
   197 | D        | Reached XP level 3. HP: 16/18 MP: 1/10
   197 | D        | Reached XP level 4. HP: 20/23 MP: 1/12
   215 | D        | Learned a level 3 spell: Confuse
   219 | D        | Learned a level 3 spell: Tukima's Dance
   223 | D        | Learned a level 3 spell: Dazzling Spray
   287 | D        | Noticed Sigmund
   289 | D        | Killed Sigmund
   289 | D        | Reached skill level 5 in Short Blades
   289 | D        | Reached skill level 9 in Stealth
   289 | D        | Reached skill level 1 in Conjurations
   289 | D        | Reached skill level 5 in Hexes
   289 | D        | Reached XP level 5. HP: 27/27 MP: 12/14
   305 | D        | Found a snail-covered altar of Cheibriados.
   305 | D        | Found a shadowy altar of Dithmenos.
   305 | D        | Noticed a slime creature
   306 | D        | Found a viscous altar of Jiyva.
   306 | D        | Found a blossoming altar of Fedhas.
   319 | D        | Killed a slime creature
   319 | D        | Reached skill level 10 in Stealth
   319 | D        | Reached XP level 6. HP: 19/32 MP: 7/17
   341 | D        | Became a worshipper of Dithmenos the Shadowed
   455 | D        | Found a deep blue altar of Sif Muna.
   456 | D        | Noticed a jelly
   457 | D        | Found a radiant altar of Vehumet.
   461 | D        | Killed a jelly
   498 | D        | Found Lainkil's General Store.
   498 | D        | Found a white marble altar of Elyvilon.
   498 | D        | Found a burning altar of Makhleb.
   498 | D        | Found a sacrificial altar of Ru.
   498 | D        | Found a glowing golden altar of the Shining One.
   498 | D        | Found an opulent altar of Gozag.
   498 | D        | Found a glowing silver altar of Zin.
   498 | D        | Noticed a yak
   499 | D        | Found a stormy altar of Qazlal.
   499 | D        | Found a basalt altar of Yredelemnul.
   499 | D        | Found an iron altar of Okawaru.
   499 | D        | Found a sparkling altar of Nemelex Xobeh.
   499 | D        | Found a shimmering altar of Xom.
   499 | D        | Found an ancient bone altar of Kikubaaqudgha.
   500 | D        | Killed a yak
   500 | D        | Reached skill level 1 in Invocations
   500 | D        | Reached XP level 7. HP: 36/36 MP: 19/19
   501 | D        | Found a bloodstained altar of Trog.
   512 | D        | Noticed Sonja
   516 | D        | Killed Sonja
   516 | D        | Reached * piety under Dithmenos
   516 | D        | Reached skill level 10 in Dodging
   516 | D        | Reached skill level 11 in Stealth
   516 | D        | Reached XP level 8. HP: 40/42 MP: 19/21
   636 | D        | Found Anaom's Jewellery Boutique.
   659 | D        | Noticed a deep troll
   669 | D        | Killed a deep troll
   669 | D        | Reached skill level 12 in Stealth
   684 | D        | Found Emmaiteq's Armour Emporium.
   695 | D        | Bought a +2 robe for 165 gold pieces
   735 | D        | Noticed a centaur warrior
   735 | D        | Noticed a centaur warrior
   738 | D        | Killed a centaur warrior
   738 | D        | Reached skill level 13 in Stealth
   738 | D        | Reached skill level 10 in Spellcasting
   738 | D        | Reached XP level 9. HP: 46/46 MP: 22/24
   749 | D        | Killed a centaur warrior
   749 | D        | Reached ** piety under Dithmenos
   848 | D        | Noticed a wasp
   851 | D        | Killed a wasp
   851 | D        | Reached skill level 5 in Fighting
   964 | D        | Noticed an oklob plant
   966 | D        | Killed an oklob plant
   967 | D        | Noticed a trapdoor spider
   968 | D        | Noticed a trapdoor spider
   974 | D        | Noticed a trapdoor spider
   975 | D        | Noticed a trapdoor spider
   981 | D        | Killed a trapdoor spider
   981 | D        | Reached skill level 14 in Stealth
   989 | D        | Killed a trapdoor spider
   989 | D        | Reached skill level 5 in Ice Magic
  1090 | D        | Killed a trapdoor spider
  1090 | D        | Reached skill level 10 in Short Blades
  1090 | D        | Reached XP level 10. HP: 51/51 MP: 23/26
  1106 | D        | Killed a trapdoor spider
  1106 | D        | Reached *** piety under Dithmenos
  1298 | D        | Noticed an unseen horror
  1298 | D        | Noticed an unseen horror
  1304 | D        | Killed an unseen horror
  1304 | D        | Reached skill level 5 in Armour
  1304 | D        | Reached skill level 5 in Invocations
  1306 | D        | Killed an unseen horror
  1323 | D        | Noticed a jelly
  1323 | D        | Noticed a jelly
  1323 | D        | Noticed a jelly
  1323 | D        | Noticed a jelly
  1323 | D        | Noticed a jelly
  1323 | D        | Noticed a jelly
  1323 | D        | Noticed a jelly
  1325 | D        | Killed a jelly
  1326 | D        | Killed a jelly
  1326 | D        | Reached **** piety under Dithmenos
  1328 | D        | Killed a jelly
  1330 | D        | Killed a jelly
  1332 | D        | Killed a jelly
  1333 | D        | Noticed a necrophage
  1333 | D        | Noticed a necrophage
  1333 | D        | Noticed a necrophage
  1334 | D        | Killed a jelly
  1335 | D        | Noticed a necrophage
  1335 | D        | Noticed a necrophage
  1342 | D        | Killed a jelly
  1352 | D        | Killed a necrophage
  1352 | D        | Reached skill level 15 in Stealth
  1431 | D        | Noticed a necrophage
  1431 | D        | Noticed a necrophage
  1433 | D        | Killed a necrophage
  1433 | D        | Reached ***** piety under Dithmenos
  1435 | D        | Killed a necrophage
  1440 | D        | Killed a necrophage
  1440 | D        | Killed a necrophage
  1443 | D        | Killed a necrophage
  1443 | D        | Killed a necrophage
  1446 | D        | Got a fine marble ring
  1460 | D        | Found Fiuzxeby's Antique Weapon Shoppe.
  1460 | D        | Found Tiuf's Magic Scroll Shop.
  1460 | D        | Found Nanoin's General Store.
  1462 | D        | Found Taruma's Armour Emporium.
  1462 | D        | Found Cedoes's Antique Weapon Shop.
  1462 | D        | Found Cucof's Magic Scroll Shoppe.
  1462 | D        | Found Meperchui's Antique Armour Boutique.
  1462 | D        | Found Lorphigh's Jewellery Emporium.
  1462 | D        | Found Azat's Distillery.
  1462 | D        | Found Razuelui's General Store.
  1464 | D        | Identified the ring "Dybliene" {rElec rC+ Dex+3} (You found it in the Dungeon)
  1467 | D        | Found Ifozaej's Armour Boutique.
  1468 | D        | Found Joyr Tetz's Antique Weapon Emporium.
  1468 | D        | Found Uxiphet's Book Boutique.
  1469 | D        | Found Hazin's Gadget Emporium.
  1671 | D        | Noticed a kobold demonologist
  1672 | D        | Noticed a kobold demonologist
  1676 | D        | Killed a kobold demonologist
  1678 | D        | Killed a kobold demonologist
  1681 | D        | Noticed a demonic crawler
  1681 | D        | Noticed a demonic crawler
  1681 | D        | Noticed a demonic crawler
  1681 | D        | Noticed a demonic crawler
  1683 | D        | Killed a demonic crawler
  1684 | D        | Killed a demonic crawler
  1684 | D        | Reached skill level 5 in Conjurations
  1686 | D        | Killed a demonic crawler
  1687 | D        | Killed a demonic crawler
  1687 | D        | Reached ****** piety under Dithmenos
  1708 | D        | Noticed a lindwurm
  1710 | D        | Killed a lindwurm
  1710 | D        | Reached skill level 16 in Stealth
  1710 | D        | Reached XP level 11. HP: 54/54 MP: 28/28
  1768 | D        | Bought a book of Burglary for 975 gold pieces
  1772 | D        | Learned a level 3 spell: Passwall
  1777 | D        | Learned a level 4 spell: Passage of Golubria
  1783 | D        | Learned a level 5 spell: Lee's Rapid Deconstruction
  1790 | D        | Learned a level 6 spell: Darkness
  1862 | D        | Noticed a hog
  1862 | D        | Noticed a hog
  1862 | D        | Noticed a hog
  1862 | D        | Noticed a hog
  1862 | D        | Noticed a hog
  1862 | D        | Noticed a hog
  1862 | D        | Noticed a hog
  1862 | D        | Noticed a hog
  1862 | D        | Noticed a hog
  1864 | D        | Killed a hog
  1865 | D        | Killed a hog
  1867 | D        | Noticed a hog
  1867 | D        | Killed a hog
  1868 | D        | Killed a hog
  1870 | D        | Killed a hog
  1870 | D        | Reached skill level 1 in Transmutations
  1871 | D        | Noticed a hog
  1871 | D        | Noticed a hog
  1872 | D        | Killed a hog
  1872 | D        | Reached skill level 10 in Hexes
  1873 | D        | Noticed a hog
  1874 | D        | Killed a hog
  1876 | D        | Killed a hog
  1876 | D        | Reached skill level 1 in Translocations
  1876 | D        | Reached skill level 1 in Earth Magic
  1885 | D        | Killed a hog
  1885 | D        | Reached skill level 15 in Dodging
  1887 | D        | Killed a hog
  1895 | D        | Killed a hog
  1896 | D        | Killed a hog
  1898 | D        | Killed a hog
  1953 | D        | Noticed a 12-headed hydra
  1955 | D        | Killed a 12-headed hydra
  1971 | D        | Learned a level 6 spell: Invisibility
  2015 | D        | Noticed a gargoyle
  2040 | D        | Killed a gargoyle
  2282 | D        | Noticed a lorocyproca
  2283 | D        | Noticed Norris
  2768 | D        | Killed a lorocyproca
  2810 | D        | Bought an uncursed ring of fire for 350 gold pieces
  2810 | D        | Bought the amulet of Vitality {Regen+ HP+15} for 518 gold pieces
  3058 | D        | Bought 2 scrolls of identify for 48 gold pieces
  3058 | D        | Bought a scroll of identify for 24 gold pieces
  3058 | D        | Bought a scroll of identify for 24 gold pieces
  3058 | D        | Bought a scroll of identify for 24 gold pieces
  3063 | D        | Bought a scroll of magic mapping for 42 gold pieces
  3173 | D        | Noticed a shadow dragon
  3175 | D        | Noticed a golden dragon
  3178 | D        | Killed a shadow dragon
  3178 | D        | Reached skill level 17 in Stealth
  3180 | D        | Killed a golden dragon
  3180 | D        | Reached skill level 5 in Translocations
  3180 | D        | Reached XP level 12. HP: 63/63 MP: 30/30
  3246 | D        | Found Copnonug's Food Shoppe.
  3355 | D        | Bought a scroll of identify for 26 gold pieces
  3355 | D        | Bought a scroll of identify for 26 gold pieces
  3362 | D        | Bought a potion of curing for 30 gold pieces
  3362 | D        | Bought a potion of curing for 30 gold pieces
  3362 | D        | Bought a potion of heal wounds for 50 gold pieces
  3377 | D        | Bought a scroll of identify for 26 gold pieces
  3377 | D        | Bought a bread ration for 65 gold pieces
  3417 | D        | Bought a potion of heal wounds for 70 gold pieces
  3417 | D        | Bought a scroll of identify for 28 gold pieces
  3477 | D        | Killed a gargoyle
  3539 | D        | Noticed a daeva
  3542 | D        | Noticed an unseen horror
  3542 | D        | Noticed an unseen horror
  3542 | D        | Noticed an unseen horror
  3543 | D        | Noticed an unseen horror
  3545 | D        | Killed an unseen horror
  3545 | D        | Reached skill level 5 in Transmutations
  3546 | D        | Noticed an unseen horror
  3547 | D        | Killed an unseen horror
  3548 | D        | Killed an unseen horror
  3548 | D        | Reached skill level 18 in Stealth
  3550 | D        | Killed an unseen horror
  3552 | D        | Killed an unseen horror
  3702 | D        | Noticed a fire giant
  3703 | D        | Noticed a fire giant
  3703 | D        | Noticed a fire giant
  3703 | D        | Noticed a fire giant
  3709 | D        | Killed a fire giant
  3717 | D        | Killed a fire giant
  3801 | D        | Killed a fire giant
  3867 | D        | Killed a fire giant
  4026 | D        | Got the Orb of Zot
  4105 | D        | Escaped with the Orb!

Action                   |  1- 3 |  4- 6 |  7- 9 | 10-12 || total
-------------------------+-------+-------+-------+-------++-------
Melee: Dagger            |     8 |     4 |     2 |       ||    14
       Rapier            |       |       |    18 |    86 ||   104
 Fire: Shortbow          |       |       |       |     1 ||     1
 Cast: Corona            |     1 |       |       |       ||     1
       Ensorcelled Hiber |     1 |     3 |    10 |    21 ||    35
       Confuse           |       |       |     3 |     8 ||    11
       Dazzling Spray    |       |       |     2 |    23 ||    25
       Passwall          |       |       |       |     3 ||     3
       Passage of Golubr |       |       |       |     3 ||     3
       Darkness          |       |       |       |     5 ||     5
       Lee's Rapid Decon |       |       |       |     1 ||     1
       Invisibility      |       |       |       |     2 ||     2
Invok: Shadow Step       |       |       |       |     1 ||     1
  Use: Scroll            |       |       |       |    15 ||    15
       Potion            |       |       |       |     5 ||     5
 Stab: Sleeping          |     2 |     4 |     6 |    42 ||    54
       Confused          |       |       |     4 |     3 ||     7
       Invisible         |       |       |       |     7 ||     7
  Eat: Bread ration      |       |       |       |     1 ||     1
